 Dungeon Crawl Stone Soup version 0.25.0-1-g7eea58d (webtiles) character file.

Game seed: 4897826926483307977

236 yaymichael the Archer (level 5, -7/44 HPs)
             Began as a Centaur Hunter on June 21, 2020.
             Killed from afar by Ijyb (13 damage)
             ... with a bolt of acid
             ... on level 3 of the Dungeon.
             The game lasted 00:05:54 (2614 turns).

yaymichael the Archer (Centaur Hunter)              Turns: 2614, Time: 00:05:55

Health: -7/44      AC:  3    Str: 16    XL:     5   Next: 77%
Magic:  0/5        EV:  9    Int: 10    God:
Gold:   158        SH:  0    Dex:  9    Spells: 4/4 levels left

rFire    + . .     SeeInvis .   a - +2 shortbow
rCold    . . .     Gourm    .   (shield currently unavailable)
rNeg     . . .     Faith    .   c - +0 leather armour
rPois    .         Spirit   +   (no helmet)
rElec    .         Reflect  .   e - +0 cloak
rCorr    .         Harm     .   v - +1 pair of gloves
MR       .....                  (no barding)
Stlth    +.........             t - amulet of guardian spirit
HPRegen  0.14/turn              r - ring of protection from fire
MPRegen  0.09/turn              (no ring)

@: corroded, very quick
A: large, hooves 3, deformed body, speed 2, tough skin 3
a: no special abilities


You were on level 3 of the Dungeon.
You were not hungry.

You visited 1 branch of the dungeon, and saw 3 of its levels.

You collected 158 gold pieces.

Inventory:

Hand Weapons
 a - a +2 shortbow (weapon)
 b - a +0 short sword
Missiles
 d - 5 arrows (quivered)
 i - 28 poisoned darts
Armour
 c - a +0 leather armour (worn)
 e - a +0 cloak (worn)
 v - a +1 pair of gloves (worn)
Jewellery
 r - a ring of protection from fire (left hand)
 t - an amulet of guardian spirit (around neck)
Scrolls
 g - 3 scrolls of remove curse
 j - a scroll of blinking
 q - a scroll of identify
 s - a scroll of amnesia {unknown}
Potions
 k - a potion of stabbing {unknown}
 l - 2 potions of cancellation {unknown}
 m - a potion of might
 o - a potion of lignification {unknown}
 u - a potion of curing {unknown}
Comestibles
 f - 3 rations
 h - 6 chunks of flesh


   Skills:
 * Level 2.9 Fighting
 * Level 8.3 Bows
 + Level 0.2 Throwing
 + Level 0.4 Armour
 * Level 2.0 Dodging
 - Level 0.4 Stealth


You had 4 spell levels left.
You didn't know any spells.
Your spell library was empty.

Dungeon Overview and Level Annotations

Branches:
Dungeon (3/15)

Altars:

Annotations:
D:3 Ijyb


Innate Abilities, Weirdness & Mutations

You have hooves in place of feet.
Armour fits poorly on your strangely shaped body.
You cover ground very quickly.
You have extremely tough skin. (AC +3)


Message History

Firing (i - inventory. (/) - cycle)
d - 8 arrows (quivered)
Press: ? - help, Shift-Dir - straight line, f/p - Ijyb
Aim: Ijyb, wielding a -2 dagger, wearing a cursed +0 leather armour and carrying a wand of acid (9) (almost dead)
You shoot an arrow. The arrow closely misses Ijyb.
Ijyb hits you but does no damage.
Firing (i - inventory. (/) - cycle)
d - 7 arrows (quivered)
Press: ? - help, Shift-Dir - straight line, f/p - Ijyb
Aim: Ijyb, wielding a -2 dagger, wearing a cursed +0 leather armour and carrying a wand of acid (9) (almost dead)
You shoot an arrow. The arrow hits Ijyb but does no damage.
Ijyb is almost dead.
Ijyb zaps a wand.
The bolt of acid hits you!
You are splashed with acid!
* * * LOW HITPOINT WARNING * * *
Okay, then.
Firing (i - inventory. (/) - cycle)
d - 6 arrows (quivered)
Press: ? - help, Shift-Dir - straight line, f/p - Ijyb
Aim: Ijyb, wielding a -2 dagger, wearing a cursed +0 leather armour and carrying a wand of acid (8) (almost dead)
You shoot an arrow. The arrow hits Ijyb.
Ijyb is almost dead.
Ijyb zaps a wand.
The bolt of acid hits you!
You die...

#######...#...####
#........##..##
#.###(.......#
#.......####.#
..........##.#
#..#.#..#..#.###########
.(#....###...(..#.......
รท##...##
##..##....>....
............####@.......
#..............(g.......
..........###.((#######
####...... #(### ......
.. .... ..# ###


You could see Ijyb.

Vanquished Creatures
  A howler monkey (D:2)
  A crimson imp (D:3)
  Natasha (thrice) (D:2)
  3 adders
  A worm (D:2)
  4 dart slugs
  3 orcs
  9 bats
  4 giant cockroaches (D:3)
  5 goblins
  4 hobgoblins
  4 jackals (D:1)
  4 kobolds
  A ball python (D:2)
  4 frilled lizards
  4 rats
55 creatures vanquished.

Notes
Turn   | Place    | Note
-------+----------+-------------------------------------------
     0 | D:1      | yaymichael the Centaur Hunter began the quest for the Orb.
     0 | D:1      | Reached XP level 1. HP: 17/17 MP: 1/1
   313 | D:1      | Reached XP level 2. HP: 24/24 MP: 2/2
   594 | D:1      | Reached skill level 6 in Bows
   999 | D:2      | Reached XP level 3. HP: 29/29 MP: 3/3
  1318 | D:2      | Noticed Natasha
  1321 | D:2      | Killed Natasha
  1321 | D:2      | Reached skill level 7 in Bows
  1617 | D:2      | Reached XP level 4. HP: 20/37 MP: 4/4
  1845 | D:2      | Noticed Natasha
  1856 | D:2      | Killed Natasha
  1891 | D:2      | Noticed Natasha
  1899 | D:2      | Killed Natasha
  1899 | D:2      | Reached XP level 5. HP: 28/42 MP: 5/5
  2187 | D:3      | Reached skill level 8 in Bows
  2599 | D:3      | Noticed Ijyb
  2614 | D:3      | Killed from afar by Ijyb

Illustrated notes

Levels and vault maps discovered:
D:1:      matt_arrival_spirals, layout_loops_ring, st_stairs_6,
          chequers_serial_rivers_room_b
D:2:      layout_loops_ring, uniq_natasha
D:3:      layout_rooms, minitemple, uniq_jessica, uniq_ijyb

Skill      XL: |  1  2  3  4  5 |
---------------+----------------+-----
Bows           | 6 7 8 |  8.3
Dodging        | 2 |  2.0
Fighting       | |  2.9
Throwing       | |  0.2
Armour         | |  0.4
Stealth        | |  0.4

Action                   |  1- 3 |  4- 6 || total
-------------------------+-------+-------++-------
Melee: Short sword       |       |    42 ||    42
       Kick              |       |     8 ||     8
 Fire: Shortbow          |   113 |    61 ||   174
Throw: Dart              |       |     8 ||     8
  Use: Scroll            |       |     6 ||     6
  Eat: Chunk             |     1 |     3 ||     4
Armor: Leather armour    |    12 |    31 ||    43
Dodge: Dodged            |    32 |    39 ||    71
